[Event "4th Tata Steel India Rapid Open 2022"]
[Site "Kolkota"]
[Date "2022.11.29"]
[Round "2.5"]
[White "Nihal Sarin"]
[Black "Abdusattorov, Nodirbek"]
[Result "1/2-1/2"]
[ECO "A36"]
[WhiteElo "2670"]
[BlackElo "2713"]
[Annotator "TA"]
[PlyCount "72"]
[EventDate "2022.11.29"]
[EventType "tourn"]
[EventCountry "IND"]
[SourceTitle "playchess.com"]
[Source "ChessBase"]
[SourceQuality "1"]
[TimeControl "900+10"]

1. c4 c5 2. g3 g6 3. Bg2 Bg7 4. Nc3 Nc6 5. d3 d6 6. Qd2 {[%emt 0:00:02] A36: Symmetrical English vs ...g6: 4 Bg2 Bg7.} Bd7 7. b3 Nf6 8. Bb2 O-O 9. e3 Rb8 10. Nge2 a6 11. h3 b5 {[%emt 0:00:46] [#]} 12. g4 $146 ({Predecessor:} 12. Rd1 Nb4 13. O-O Ne8 14. Ba1 Nc6 15. f4 f5 16. Nd5 Bxa1 17. Rxa1 e6 18. Ndc3 {0-1 (87) Rakhmanov,A (2657)-Henriquez Villagra,C (2608) Riga 2021}) 12... b4 13. Ne4 Nxe4 14. dxe4 Bxb2 15. Qxb2 Ne5 ({Better is} 15... a5) 16. Rd1 (16. Qd2 $5 ) 16... f6 17. f4 Nf7 18. Ng3 e5 19. Bf3 Qe7 20. h4 a5 21. Kf2 a4 (21... Rfe8 {looks sharper.} 22. h5 exf4 23. exf4 g5) 22. Kg2 (22. h5 $11) 22... Ra8 23. h5 g5 24. Nf5 Bxf5 25. exf5 Rae8 26. Rhe1 a3 ({Much less strong is} 26... exf4 27. exf4 (27. bxa4 fxe3 28. Bc6 Kg7 $15) 27... Qd8 28. fxg5 (28. bxa4 gxf4 29. Bd5 Kg7 $11) 28... Nxg5 29. Qd2 $14 (29. bxa4 Nxf3 30. Kxf3 Qa8+ 31. Kg3 Qxa4 $14)) (26... e4 $5 27. Be2 $8 Ra8 $11) 27. Qd2 e4 28. Be2 Rd8 29. Qd5 Kh8 30. Kg3 (30. Qe6 $5 Rfe8 31. Qxe7 Rxe7 32. Rh1 $11) 30... h6 ({Black should play} 30... Rfe8 $11) 31. Rd2 (31. Qe6 $5 Rfe8 32. Qxe7 Rxe7 33. Bf1 $14) 31... Rfe8 {[%emt 0:00:06] The position is equal.} 32. Bf1 Kg7 33. Bg2 Rd7 34. Red1 Rdd8 35. Re1 Rd7 36. Red1 Rdd8 {[%emt 0:00:01] A balanced but interesting game.   Weighted Error Value: White=0.10 (very precise) /Black=0.12 (very precise)} 1/2-1/2

[Event "4th Tata Steel India Rapid Open 2022"]
[Site "Kolkota"]
[Date "2022.11.29"]
[Round "3.1"]
[White "Vidit, Santosh Gujrathi"]
[Black "Nihal Sarin"]
[Result "0-1"]
[ECO "C56"]
[WhiteElo "2724"]
[BlackElo "2670"]
[Annotator "TA"]
[PlyCount "76"]
[EventDate "2022.11.29"]
[EventType "tourn"]
[EventCountry "IND"]
[SourceTitle "playchess.com"]
[Source "ChessBase"]
[SourceQuality "1"]
[TimeControl "900+10"]

1. e4 e5 2. Nf3 Nc6 3. Bc4 d6 4. d4 Nf6 5. Nc3 Bg4 6. d5 {[%emt 0:01:56] C56: Two Knights: 4 d4 exd4 5 0-0 Nxe4.} (6. Bb5 {looks sharper.} exd4 7. Qxd4 Be7 8. e5) 6... Nd4 7. Be3 Nxf3+ 8. gxf3 {[%emt 0:00:02] The position is equal.} Bd7 9. Rg1 {[%emt 0:01:55] [#]} g6 $146 ({Predecessor:} 9... Nh5 10. Qd2 a6 11. O-O-O b5 12. Bd3 h6 13. f4 Be7 14. f5 Kf8 15. Qe2 Nf4 16. Bxf4 exf4 {1-0 (64) Brendel,B (2086)-Madison,S (1853) Helsingor 2015}) 10. f4 exf4 11. Bxf4 Bg7 12. Qf3 Qe7 {[%emt 0:02:13][%cal Of6e4] ...Nxe4! is the strong threat.} 13. O-O-O O-O 14. Rde1 $1 Nh5 {[%emt 0:00:16] White must now prevent ...Qf6.} 15. Bg5 {[%emt 0:00:29] Prevents Qf6.} Qe5 16. Qe3 {[%emt 0:01:52] Against b5} f5 17. Be2 {[%emt 0:01:31] [#]} ({White should play} 17. f4 $15 Qd4 18. Qxd4 Bxd4 19. e5 $1) 17... f4 $1 $17 {[%emt 0:00:20] White is on the road to losing.} (17... Qxh2 18. Rh1 Qe5 19. f4 $14) (17... fxe4 18. Bxh5 gxh5 19. Bh6 $16) 18. Qd3 {[%emt 0:00:11] [#]} (18. Qd2 $17 f3 19. Bd3) 18... f3 $1 $36 {[%emt 0:00:17][%mdl 2048] Keeping White busy.} 19. Bd1 (19. Bxf3 {keeps fighting.} Nf4 20. Bxf4 Qxf4+ 21. Re3) 19... Nf4 (19... Qxh2 20. Qe3 $15) 20. Bxf4 Qxf4+ (20... Rxf4 21. Rg3 $17 (21. Bxf3 Raf8 $17)) 21. Kb1 Qxh2 22. Rgf1 (22. Bxf3 {might work better.} Qxf2 23. Be2) 22... Bh3 {[%emt 0:02:52] A strong pair of Bishops.} 23. Rh1 (23. Nb5 Bxf1 24. Rxf1) 23... Qxf2 24. e5 Bf5 ({Worse is} 24... Bxe5 25. Rxe5 dxe5 26. Rxh3 $15) (24... dxe5 25. Ne4 Qg2 26. Reg1 $11) 25. Qc4 Bxe5 (25... dxe5 $2 {perishes.} 26. d6+ Rf7 27. Rhf1 $19) 26. Rxe5 (26. Rhf1 $142 Qd2 27. Ne4 Bxe4 28. Rxe4) 26... dxe5 27. d6+ Kh8 28. Qxc7 h5 {[%emt 0:00:03] Strongly threatening ...Qg2.} 29. d7 Qd4 30. Bxf3 Rad8 ({Not} 30... Bxc2+ 31. Kxc2 Rxf3 32. Rd1 Rf2+ 33. Kb3 Qb6+ 34. Qxb6 axb6 35. d8=Q+ Rxd8 36. Rxd8+ Kg7 37. Rd7+ Rf7 38. Rd1 $11) 31. Qxb7 Rxd7 32. Qb5 {[%emt 0:00:03] [#]} Bxc2+ $1 33. Kxc2 Rxf3 34. Qc6 Rf2+ 35. Kb1 Qd3+ 36. Ka1 Rf1+ 37. Rxf1 Qxf1+ 38. Nb1 Qf5 {[%emt 0:00:14] Weighted Error Value: White=0.90/Black=0.26 (precise)} 0-1

[Event "4th Tata Steel India Rapid Open 2022"]
[Site "Kolkota"]
[Date "2022.11.29"]
[Round "3.2"]
[White "Gukesh D"]
[Black "Erigaisi Arjun"]
[Result "1/2-1/2"]
[ECO "D27"]
[WhiteElo "2725"]
[BlackElo "2718"]
[Annotator "TA"]
[PlyCount "155"]
[EventDate "2022.11.29"]
[EventType "tourn"]
[EventCountry "IND"]
[SourceTitle "playchess.com"]
[Source "ChessBase"]
[SourceQuality "1"]
[TimeControl "900+10"]

1. d4 {[%emt 0:00:08] Nielsen,Peter Heine} d5 2. c4 e6 3. Nf3 Nf6 4. Nc3 c5 5. e3 dxc4 6. Bxc4 a6 7. O-O b5 8. Be2 Bb7 9. dxc5 Bxc5 10. Qxd8+ Kxd8 11. Nd2 {[%emt 0:00:01][%cal Bf3d2,Bd2b3,Bb3c5][%mdl 32] D27: Queen's Gambit Accepted: Classical main line: 7 e4!? and 7 a4.} Ke7 12. Nb3 Nbd7 13. Rd1 {[%emt 0:00:47] White has an edge.} Bb6 {[%emt 0:02:31] Prevents Na5.} 14. a4 b4 15. a5 $1 {[%emt 0:00:03] [#]} Bc7 $146 ({Predecessor:} 15... Ba7 16. Na4 Bd5 17. Nd4 Rhb8 18. Bd2 Nc5 19. Nxc5 Bxc5 20. Rac1 Bxd4 21. exd4 Kd7 {1-0 (39) Carlsen,M (2847)-So,W (2770) chess24.com INT 2021 CBM 202 Extra [Nielsen,Peter Heine]}) 16. Na4 Bd5 $1 $36 {[%emt 0:01:32][%mdl 2048] Against f3. White is under pressure.} 17. Nbc5 Bxa5 (17... Bd6 $11 18. Nxd7 Nxd7) 18. Bd2 (18. e4 {feels hotter.} Bc6 19. Bf4 Rhc8 20. Bxa6 Bxa4 21. Bd6+) 18... Rhc8 {[%emt 0:02:12] [#]} 19. Rdc1 (19. f3 $1 $14) 19... Ne4 $11 20. Nxe4 Bxe4 21. Rxc8 (21. b3 $11 {keeps the balance.}) 21... Rxc8 $17 22. Bxa6 Rb8 ({Better is} 22... Rc2 $17 23. Be1 Ne5) 23. Rc1 $11 Kd6 24. b3 Bd5 25. Bc4 Bxc4 26. Rxc4 Ne5 27. Rc5 Bd8 28. Kf1 Be7 29. Ke2 Nc6 30. Kd1 Kd7 31. Rc4 {[%emt 0:00:17] [#]} (31. Rh5 $11) 31... Na5 $1 $17 32. Nc5+ Bxc5 33. Rxc5 Nxb3 34. Rc4 Nxd2 35. Kxd2 $15 {[%emt 0:00:01][%mdl 4096] Endgame KR-KR} b3 {[%emt 0:00:21] ...b2 is the strong threat.} 36. Kc1 Ra8 {[%emt 0:00:07] White must now prevent ...Ra2.} 37. Rf4 {[%emt 0:00:15] [#]} f5 (37... Ke7 $1 $17 {Hoping for ...Ra2.} 38. Kb2 Ra2+ 39. Kxb3 Re2) 38. Kb2 g5 (38... Ra2+ {simplifies} 39. Kxb3 Re2 40. Kc3 Ke7) 39. Rd4+ Ke7 (39... Kc6 $5 40. Kxb3 Ra1 $15) 40. Kxb3 Ra1 41. f4 (41. h4 $11) 41... g4 {[%emt 0:00:30] Threatens to win with ...Rg1.} 42. Rd2 $2 (42. e4 $17) 42... Re1 $19 43. Kc2 $2 (43. Rf2) 43... Rxe3 44. Kd1 h5 45. Ra2 h4 (45... Re4 $142 46. g3 Re3) 46. Kd2 Re4 47. g3 Kf6 48. Rb2 Ra4 49. Ke3 Ra3+ 50. Kf2 Rf3+ 51. Kg2 h3+ 52. Kg1 Ke7 53. Rf2 Rd3 54. Rf1 Kd6 55. Re1 Rd2 56. Ra1 Kd5 57. Rb1 Rg2+ 58. Kh1 Re2 59. Kg1 Kd4 60. Ra1 Kc3 61. Rb1 Kd3 62. Ra1 Ke4 63. Ra4+ Kd5 64. Ra5+ Kd6 {[%emt 0:00:07] And now ...Re1+ would win.} 65. Ra1 {[%emt 0:00:01] Inhibits Re1+.} e5 66. fxe5+ Kxe5 67. Rb1 Ke4 68. Rf1 Rg2+ 69. Kh1 Ra2 70. Kg1 Ke5 71. Re1+ Kf6 72. Rb1 Kg5 73. Rc1 f4 (73... Rb2 $17 74. Kh1 Kf6) 74. gxf4+ (74. Rc5+ $1 $11 Kf6 75. gxf4) 74... Kxf4 $15 75. Rf1+ Kg5 (75... Ke3 $15) 76. Rb1 (76. Rf8 $1 $11) 76... Rg2+ 77. Kh1 Kh4 (77... Rd2 $15) 78. Rc1 {[%emt 0:00:05] Weighted Error Value: White=0.19 (very precise) /Black=0.12 (very precise)} (78. Rb8 $1 $11) 1/2-1/2

[Event "4th Tata Steel India Rapid Open 2022"]
[Site "Kolkota"]
[Date "2022.11.29"]
[Round "3.3"]
[White "Abdusattorov, Nodirbek"]
[Black "Nakamura, Hikaru"]
[Result "1-0"]
[ECO "C65"]
[WhiteElo "2713"]
[BlackElo "2768"]
[Annotator "TA"]
[PlyCount "167"]
[EventDate "2022.11.29"]
[EventType "tourn"]
[EventCountry "IND"]
[SourceTitle "playchess.com"]
[Source "ChessBase"]
[SourceQuality "1"]
[TimeControl "900+10"]

1. e4 e5 2. Nf3 Nc6 3. Bb5 Nf6 4. d3 Bc5 5. c3 O-O 6. O-O {[%emt 0:00:02] C65: Ruy Lopez: Berlin Defence (3...Nf6), unusual lines and 4 0-0 Bc5.} d5 7. exd5 Qxd5 8. Bc4 {[%emt 0:00:02] White has an edge.} Qd8 9. b4 Be7 10. Nbd2 Bf5 11. Qc2 a6 {[%emt 0:00:28] And now ...b5 would win.} 12. a4 {[%emt 0:00:37] Against b5} Nd5 {[%emt 0:00:02] [#]} 13. a5 $1 $146 {[%emt 0:02:50][%mdl 8] A top novelty.} ({Predecessor:} 13. Ne4 Bg4 14. Qa2 Nb6 15. Bb3 Bxf3 16. gxf3 Qd7 17. a5 Nc8 18. Qe2 Nd6 19. Kh1 Nb5 20. Bb2 Rad8 21. Rad1 Kh8 22. Rg1 h6 23. f4 exf4 24. Qh5 {1-0 (24) Durarbayli,V (2638)-Rodshtein,M (2596) Chennai 2022}) 13... b5 14. axb6 Nxb6 15. Rd1 (15. Bxa6 $2 Nb8 16. b5 (16. g4 $2 Rxa6 17. Rxa6 Bxd3 $19) 16... Bxd3 $19) (15. Rxa6 Rxa6 16. Bxa6 Nb8 $17) 15... Nxc4 16. Nxc4 Bf6 17. Ne3 (17. Na5 {is more complex.} Qd5 18. Bg5 Bg4 19. Bxf6 Bxf3 20. gxf3 gxf6 21. d4) 17... Be6 18. Nd2 Be7 19. Re1 Qd7 20. Qa4 Rad8 21. Nf3 f6 22. Bb2 Bf7 23. Qxa6 Nb8 {[%emt 0:00:15] Prevents b5.} 24. Qb7 Qxd3 25. Rad1 (25. Qxc7 $14 Rd7 26. Qa5) 25... Qa6 $11 26. Qxc7 (26. Qxa6 {simplifies} Nxa6 27. Nf5 Bd6 28. N3h4) 26... Bd6 $1 27. Qa5 Qxa5 28. bxa5 Bc7 29. Ra1 Nc6 30. a6 (30. Ba3 $5 Rfe8 31. a6 $11) 30... Ra8 {[%emt 0:00:01][%mdl 1024] Prevents a7. Black has compensation.} 31. Nd2 Na5 32. Ba3 Rfb8 33. Bb4 Nc6 (33... Rxa6 34. Ra3 Rba8 35. Rea1 $14) 34. Bc5 Rb5 35. Ne4 Bg6 (35... Ra5 {simplifies} 36. Rxa5 Bxa5 37. Nc2 Bd5) 36. Nd5 Bd8 37. c4 Ra5 38. Rxa5 Bxa5 39. Re2 Rxa6 {[%emt 0:00:02] aiming for ...Bxe4.} (39... Bxe4 {simplifies} 40. Rxe4 Rxa6 41. g4 Bd8) 40. g4 Bd8 41. h4 {[%emt 0:00:03] [#]} (41. Nd6 $11 {keeps the balance.}) 41... Nb8 (41... Ra5 $1 $17 {White must now prevent ...Bxe4.} 42. Ndc3 h5) 42. Nd6 Nd7 43. Bb4 h5 44. Nb7 $36 {[%emt 0:00:06][%mdl 2048] White fights for an advantage. Pair of Knights!} Bb6 45. c5 Bf7 (45... Ra7 $1 $11) 46. Rd2 $1 $14 {[%emt 0:00:06] Hoping for Ne7+. White is much more active.} (46. Nxb6 Nxb6 47. Rc2 (47. cxb6 Rxb6 48. Rb2 Rxb7 $17) 47... Ra1+ 48. Kh2 Nd5 $17) 46... Nxc5 47. Nxc5 ({But not} 47. Bxc5 Bxc5 48. Nxc5 Ra5 $11) 47... Bxc5 48. Bxc5 hxg4 49. Ne3 Be6 50. Rd8+ Kh7 51. Kg2 Rc6 52. Rd6 (52. Bd6 $16) 52... Rxd6 $1 $11 53. Bxd6 Kg6 54. Kg3 Kh5 55. Ng2 Bd5 56. Ne3 Be6 57. Bc7 Bd7 58. Nc4 Be6 59. Nd2 Bd5 60. Nb1 Bb7 61. Bd6 Be4 62. Nc3 Bc6 63. Bc7 Bd7 64. Ne4 Bc6 65. Nc5 Bd5 66. Bd6 Bc6 67. Be7 Bd5 68. Bd8 Bc4 69. Ne4 Bd5 70. Nd6 Be6 {[%emt 0:00:01] Against Nf5} 71. Ne4 Bd5 72. Nc5 Bc4 73. Be7 Bd5 74. Bf8 f5 75. Be7 {[%emt 0:00:01] Threatens to win with Nd3.} f4+ 76. Kh2 {[%emt 0:00:01] Strongly threatening Nd3.} e4 $2 {[%emt 0:00:05][%mdl 8192] [#] Inhibits Nd3. Loses the game.} (76... Bc4 $11) 77. Bg5 $1 $18 {[%emt 0:00:32] White has a decisive advantage.} Bc6 78. Bxf4 Kxh4 79. Bg3+ Kg5 80. Ne6+ Kf6 81. Nd4 Bd7 82. Bd6 Bc8 83. Kg3 Kg5 84. Be7+ {[%emt 0:00:02] Weighted Error Value: White=0.11 (very precise) /Black=0.09 (flawless)} 1-0

[Event "4th Tata Steel India Rapid Open 2022"]
[Site "Kolkota"]
[Date "2022.11.29"]
[Round "3.4"]
[White "Sethuraman, S.P."]
[Black "Maghsoodloo, Parham"]
[Result "0-1"]
[ECO "B90"]
[WhiteElo "2643"]
[BlackElo "2720"]
[Annotator "TA"]
[PlyCount "150"]
[EventDate "2022.11.29"]
[EventType "tourn"]
[EventCountry "IND"]
[SourceTitle "playchess.com"]
[Source "ChessBase"]
[SourceQuality "1"]
[TimeControl "900+10"]

1. e4 c5 2. Nf3 d6 3. d4 cxd4 4. Nxd4 Nf6 5. Nc3 a6 6. Be3 e5 7. Nb3 Be6 8. Qd2 Nbd7 9. O-O-O {[%emt 0:00:06] is now debated instead of 9.f3. B90: Sicilian Najdorf: Unusual White 6th moves, 6 Be3 Ng4 and 6 Be3 e5.} Rc8 (9... Be7 $11 {should be considered.}) 10. h3 $14 Be7 11. g4 {[%emt 0:00:13][%cal Bg2g4,Bg4g5][%mdl 32] White is slightly better.} O-O 12. g5 {[%emt 0:01:54] Against b5} Nh5 (12... Nxe4 $1 $11 {remains equal.} 13. Nxe4 d5) 13. Be2 $16 Nf4 14. Bxf4 exf4 15. h4 {[%emt 0:00:07] [#]} Ne5 $5 $146 {[%emt 0:00:54][%mdl 8] New and interesting.} ({Predecessor:} 15... Nb6 16. Nd5 Nxd5 17. exd5 Bf5 18. Bd3 Bxd3 19. Qxd3 Re8 20. Nd2 Bf8 21. Ne4 Qc7 {1-0 (37) Popov,I (2596)-Kenneskog,T (2332) Novi Sad 2016}) 16. Nd4 {[%emt 0:01:19] Inhibits f3.} (16. Qxf4 f6) ({White should try} 16. f3 $16) 16... g6 (16... Qa5 $1 $11 {keeps the balance.}) 17. Nd5 (17. Qxf4 $16 {aiming for Qe3.} Qa5 18. Nxe6 fxe6 19. Qg3) 17... Bxd5 $11 18. exd5 h6 $1 19. Qxf4 hxg5 20. Qe4 {[%emt 0:01:46] Hoping for hxg5.} Re8 21. hxg5 Bxg5+ 22. f4 Nd7 $1 23. Ne6 Bf6 {[%emt 0:00:04] Threatens to win with ...Qa5.} 24. Rdg1 (24. Bd3 $5 ) 24... Nf8 25. Bc4 (25. f5 $11 Re7 26. Qf3 fxe6 27. fxe6) 25... Rxc4 $15 {[%emt 0:01:41] Dancing on a razor blade.} (25... fxe6 26. Rxg6+ (26. dxe6 Re7 $11) 26... Nxg6 27. Qxg6+ Bg7 28. dxe6 $1 $11) 26. Qxc4 fxe6 {[%emt 0:00:02] Black keeps a firm grip on the game.} 27. dxe6 (27. Qb3 $142) 27... d5 $17 28. Qd3 Rxe6 29. f5 {[%emt 0:00:17] [#]} Rb6 30. c3 g5 31. Kb1 d4 32. c4 (32. cxd4 $17 Qd7 33. Rd1 (33. Qc4+ $2 Kg7 $19)) 32... Qe7 33. Re1 Qb4 34. Re2 Qc3 35. Rd1 (35. Qxc3 dxc3 36. b3) 35... Qxd3+ $19 36. Rxd3 Nd7 {[%emt 0:00:01] Inhibits c5.} 37. Rg3 Ne5 38. c5 Rb5 39. Re4 d3 40. b4 {[%emt 0:00:12] [#]} a5 $1 41. a3 axb4 42. axb4 b6 43. c6 Nxc6 44. Rxd3 Nxb4 (44... Rxf5 $2 {loses.} 45. Rd6 Ne7 46. Rxb6 $19) 45. Rb3 {[%emt 0:00:12] [#]} Nd5 46. Rxb5 Nc3+ 47. Kc1 {[%emt 0:00:12] Black must now prevent Rbb4.} Nxb5 ({And not} 47... Nxe4 48. Rxb6 Kf7 49. Kc2) 48. Re6 Kf7 {[%emt 0:01:54] Strongly threatening ...Nd4.} 49. Rxb6 Nd4 50. Rb7+ (50. Kd2 {was the only chance.}) 50... Be7 51. Kd2 Nxf5 52. Ke2 $2 (52. Rb6) 52... g4 53. Rb8 Bd6 54. Rb7+ Kf6 55. Ra7 Be5 56. Ra5 Bd4 57. Kd3 g3 {[%emt 0:00:27] ( -> ...g2)} 58. Ke4 g2 {[%emt 0:00:01] Black mates.} 59. Rxf5+ {[%emt 0:00:03] KR-KB} Kg6 60. Rd5 g1=Q ({Inferior is} 60... g1=B 61. Rxd4 Bxd4 $11) 61. Rxd4 {[%emt 0:00:02] KQ-KR} Qe1+ 62. Kd5 Kf5 63. Kc4 Qe6+ 64. Kc3 Ke5 65. Rd3 Qc6+ 66. Kd2 Qc5 67. Re3+ Kd4 68. Rd3+ Ke4 69. Rc3 Qf2+ 70. Kc1 Kd4 71. Rc8 Qf5 72. Rc2 Kd3 73. Kb2 Qb5+ 74. Kc1 Qa4 75. Rd2+ Kc3 {[%emt 0:00:01] Weighted Error Value: White=0.40/Black=0.13 (very precise)} 0-1

[Event "4th Tata Steel India Rapid Open 2022"]
[Site "Kolkota"]
[Date "2022.11.29"]
[Round "3.5"]
[White "So, Wesley"]
[Black "Mamedyarov, Shakhriyar"]
[Result "0-1"]
[ECO "E11"]
[WhiteElo "2760"]
[BlackElo "2741"]
[Annotator "TA"]
[PlyCount "70"]
[EventDate "2022.11.29"]
[EventType "tourn"]
[EventCountry "IND"]
[SourceTitle "playchess.com"]
[Source "ChessBase"]
[SourceQuality "1"]
[TimeControl "900+10"]

1. d4 Nf6 2. Nf3 e6 3. c4 Bb4+ 4. Nbd2 d5 5. Qa4+ Nc6 6. a3 Be7 7. e3 a5 {[%emt 0:00:21][%cal Ba7a5,Ba5b4,Bb4a3][%mdl 32] E11: Bogo-Indian.} 8. b4 (8. Bd3 {simplifies} O-O 9. Qc2 a4 10. O-O) 8... dxc4 {[%emt 0:00:48][%cal Ob7b5] [#]} 9. Nxc4 $146 ({Predecessor:} 9. b5 Nb8 10. Nxc4 O-O 11. Bb2 c5 12. dxc5 Bxc5 13. Rd1 Qe7 14. Bd3 Bd7 15. Nce5 {0-1 (29) Aditya,M (2490)-Jumabayev,R (2628) Sharjah 2022}) 9... b5 $1 {[%emt 0:01:16] The position is equal.} 10. Qxb5 Bd7 {[%emt 0:00:40][%cal Rc6b4] Threatens to win with ...Nxb4!} 11. Qg5 ({Of course not} 11. bxa5 Nb4 $1 $15 ) 11... axb4 12. Qxg7 (12. Bd3 $11 {and White is okay.}) 12... Rg8 $19 13. Qh6 bxa3 14. Be2 Rxg2 15. Nfe5 Nxe5 16. Nxe5 {[%emt 0:00:02] [#]} Rg8 $1 17. Bf3 $2 {[%emt 0:01:09] [#]} (17. Bh5 Nxh5 18. Qxh7) 17... Qb8 $1 {[%emt 0:01:19][%cal Oa3a2] Hoping for ...a2! Black is clearly winning.} 18. e4 (18. Nxd7 Kxd7) 18... Qb3 {[%emt 0:01:04] White must now prevent ...Qc3+.} 19. Qe3 Bb4+ 20. Bd2 Qb2 21. Nxd7 Nxd7 (21... Qxa1+ 22. Ke2 Qb2 23. Nxf6+ Ke7 24. Nxg8+ Rxg8 25. Qf4 $11) 22. Bxb4 Qxa1+ 23. Ke2 Qb2+ 24. Qd2 c5 25. e5 Rb8 26. Bc3 Qxd2+ 27. Kxd2 cxd4 28. Bxd4 Rb3 29. Rc1 Ke7 ({Stronger than} 29... Rxf3 30. Rc8+ Ke7 31. Rxg8 $17) (29... Nxe5 30. Bxe5 Rg5 31. Bd1 $17) 30. Bd1 Rb5 31. Rc7 Rd5 32. Ke3 Rb8 33. Bc2 Kd8 34. Ra7 Nxe5 35. Be4 Ra5 {[%emt 0:00:12] White got outplayed after the opening.   Weighted Error Value: White=0.77/Black=0.22 (precise)} 0-1

[Event "4th Tata Steel India Rapid Open 2022"]
[Site "Kolkota"]
[Date "2022.11.30"]
[Round "4.1"]
[White "Maghsoodloo, Parham"]
[Black "So, Wesley"]
[Result "1-0"]
[ECO "D35"]
[WhiteElo "2720"]
[BlackElo "2760"]
[Annotator "TA"]
[PlyCount "103"]
[EventDate "2022.11.29"]
[EventType "tourn"]
[EventCountry "IND"]
[SourceTitle "playchess.com"]
[Source "ChessBase"]
[SourceQuality "1"]
[TimeControl "900+10"]

1. d4 {[%emt 0:00:01] Baburin,Alexander} Nf6 2. c4 e6 3. Nc3 d5 4. cxd5 exd5 5. Bg5 c6 6. e3 Bf5 7. Qf3 Bg6 8. Bxf6 Qxf6 9. Qxf6 gxf6 10. h4 h5 {[%emt 0:00:03] D35: Queen's Gambit Declined: Exchange Variation.} 11. Nh3 Nd7 12. Nf4 Bd6 {[%emt 0:00:02] White has an edge.} 13. g3 (13. Kd2 {keeps more tension.} Nb6 14. g3 Kd7 15. Rc1) 13... Nb6 14. Be2 a5 (14... Bxf4 {simplifies} 15. gxf4 Nc8 16. b4 a6) 15. a3 a4 16. Rc1 {[%emt 0:00:18] [#]} Kd7 $146 ({Predecessor:} 16... Ke7 17. f3 Bf5 18. Kf2 Be6 19. Rhe1 f5 20. Bd3 Nd7 21. e4 fxe4 22. fxe4 dxe4 23. Bxe4 {1-0 (38) Rustemov,A (2573)-Khenkin,I (2633) Polanica Zdroj 1999 CBM 073 [Baburin,Alexander]}) 17. f3 Rhe8 18. Kf2 Re7 19. Rhe1 f5 {[%emt 0:03:27] Against e4} 20. Bd3 Bxf4 21. exf4 (21. gxf4 $14 Rae8 22. Re2) 21... Rxe1 $11 22. Rxe1 Kd6 23. Nd1 Nc4 24. Bxc4 dxc4 {[%emt 0:00:01][%mdl 4096] Endgame KRB-KRN} 25. Re5 (25. Ne3 $5 b5 26. Rh1 $11) 25... f6 26. Rc5 Bf7 (26... b5 $11) 27. Rxf5 $14 Ke7 28. Rc5 (28. g4 $5 ) 28... Kd6 29. Rf5 Ke7 30. g4 $1 Rd8 31. Ke3 $1 ({Inferior is} 31. gxh5 b6 32. Ne3 Be6 $19) 31... hxg4 32. fxg4 Be6 {[%emt 0:01:07] Prevents g5.} 33. Ra5 {[%emt 0:00:04] [#] Strongly threatening f5.} Bxg4 34. Nf2 Bd7 35. Rxa4 b5 36. Ra7 {[%emt 0:00:01] Black must now prevent f5.} f5 $1 37. d5 c5 38. Nh3 {[%emt 0:01:27] Hoping for Ng5.} Rh8 $1 39. Ng5 {[%emt 0:00:01][%cal Od5d6] And now d6+! would win.} Rxh4 40. Ra6 $1 {[%emt 0:01:50] Threatens to win with d6+.} Rh8 $1 41. Nf3 (41. d6+ $14 Kf6 42. Ra7) 41... Rd8 $2 (41... Rh1 $11) 42. Ne5 $18 {[%emt 0:00:27] aiming for Ra7.} Be8 43. Re6+ Kf8 44. d6 b4 45. axb4 ({Stronger than} 45. Nxc4 Bf7 46. Rf6 Kg7 47. Rxf5 Bxc4 $11) 45... cxb4 {[%emt 0:00:00] [#]} 46. Rf6+ (46. Nxc4 Bf7 47. Rf6 Kg7 48. Rxf7+ Kxf7 $11) (46. Kd2 $1 $18) 46... Kg8 $2 (46... Kg7 $14 47. Rxf5 Rxd6) 47. Nxc4 {[%emt 0:00:10] White is clearly winning.} ({Not} 47. Rxf5 c3 $14) 47... Kg7 48. Rxf5 Bf7 (48... Bd7 $142) 49. Ne5 Be6 50. Rg5+ Kf6 51. Rg6+ Kf5 52. Nc6 {[%emt 0:00:01] Weighted Error Value: White=0.13 (very precise) /Black=0.34} 1-0